 Dungeon Crawl Stone Soup version 0.30-a0-793-g160f7cfddd (webtiles) character file.

Game seed: 3381654734312950744

1 Farfigtubin the Sneak (level 1, 0/12 HPs)
             Began as a Kobold Brigand on Feb 19, 2023.
             Slain by a black bear (1 damage)
             ... on level 4 of the Dungeon.
             The game lasted 00:02:04 (241 turns).

Farfigtubin the Sneak (Kobold Brigand)               Turns: 241, Time: 00:02:05

Health: 0/12       AC:  3    Str:  8    XL:     1   Next: 22%
Magic:  1/1        EV: 14    Int: 12    God:
Gold:   54         SH:  0    Dex: 16    Spells: 0/0 levels left

rFire   . . .      SeeInvis .    a - +2 dagger
rCold   . . .      Faith    .    (no shield)
rNeg    . . .      Spirit   .    b - +0 robe
rPois   .          Reflect  .    (no helmet)
rElec   .          Harm     .    c - +0 cloak
rCorr   .          Rampage  .    (no gloves)
Will    .....                    (no boots)
Stlth   ++++                     (no amulet)
HPRegen 0.22/turn                (no ring)
MPRegen 0.07/turn                (no ring)

@: no status effects
A: small, no large weapons, nightstalker 3
a: no special abilities


You were on level 4 of the Dungeon.
You visited 1 branch of the dungeon, and saw 4 of its levels.

You collected 54 gold pieces.

Inventory:

Hand Weapons
 a - a +2 dagger (weapon)
Missiles
 d - 9 poisoned darts (quivered)
 e - 3 curare-tipped darts
Armour
 b - a +0 robe (worn)
 c - a +0 cloak (worn)


   Skills:
 + Level 2.2 Fighting
 + Level 2.7 Short Blades
 - Level 2.1 Throwing
 - Level 1.2 Dodging
 * Level 5.3 Stealth


You couldn't memorise any spells.
You didn't know any spells.
Your spell library was empty.

Dungeon Overview and Level Annotations

Branches:
Dungeon (4/15)
 Temple: D:4-7

Altars:

Annotations:
D:4 Grinder


Innate Abilities, Weirdness & Mutations

You are small and have problems with some larger weapons.
You are completely attuned to the shadows.


Message History

The hobgoblin attacks as you move away! The hobgoblin closely misses you.
The endoplasm barely misses you. The black bear barely misses you.
The black bear misses you. The black bear closely misses you.
The black bear attacks as you move away!
The black bear completely misses you. The black bear misses you.
The black bear barely misses you. Grinder barely misses you.
Grinder attacks as you move away! Grinder misses you.
Grinder says, "Don't move a muscle."
The endoplasm attacks as you move away! The endoplasm completely misses you.
Grinder blinks!
The endoplasm attacks as you move away! The endoplasm closely misses you.
Found a metallic ruby potion.
Found a stone staircase leading up.
The endoplasm hits you. The endoplasm attacks as you move away!
The endoplasm barely misses you.
You see here a metallic ruby potion.
Found a scroll labelled SEUMID XIRHU.
The endoplasm attacks as you move away! The endoplasm barely misses you.
The endoplasm closely misses you. The endoplasm attacks as you move away!
The endoplasm closely misses you.
You see here a scroll labelled SEUMID XIRHU.
The endoplasm attacks as you move away!
The endoplasm hits you but does no damage.
The endoplasm attacks as you move away! The endoplasm hits you.
The endoplasm attacks as you move away! The endoplasm misses you.
The endoplasm attacks as you move away! The endoplasm closely misses you.
The endoplasm attacks as you move away! The endoplasm completely misses you.
The endoplasm freezes you.
You are frozen.
* * * LOW HITPOINT WARNING * * *
The hobgoblin closely misses you. The endoplasm barely misses you.
The hobgoblin closely misses you.
The black bear bites you but does no damage.
The black bear claws you.
* * * LOW HITPOINT WARNING * * *
The black bear claws you.
* * * LOW HITPOINT WARNING * * *
The hobgoblin completely misses you. The black bear bites you.
You die...

.......h....#.#
.....###....#.#
......##..<.#h###
......####.##....
#....?.# #.......
#......# ####....
#......# #....
#......# #....
#@.....# #....
#.h....# #....
#Jg....# #....
#......# #....
#......# #....
######## #....
#.... #####


You could see a black bear, an endoplasm and a hobgoblin.

Vanquished Creatures
  A ball python (D:1)
  A frilled lizard (D:3)
2 creatures vanquished.

Notes
Turn   | Place    | Note
-------+----------+-------------------------------------------
     0 | D:1      | Farfigtubin the Kobold Brigand began the quest for the Orb.
     0 | D:1      | Reached XP level 1. HP: 12/12 MP: 1/1
   196 | D:4      | Noticed Grinder
   202 | D:4      | Noticed a black bear
   241 | D:4      | Slain by a black bear

Illustrated notes

Levels and vault maps discovered:
D:1:      elethiomel_arrival_maze, layout_basic,
          shapermc_ecumenical_altar_notcrosses, minmay_tripent
D:2:      kennysheep_big_flooded_room, layout_rooms
D:3:      layout_basic
D:4:      layout_basic, minmay_temple_entry_mist, uniq_grinder

Action                     || total
---------------------------++-------
  Melee: Dagger            ||     6
   Stab: Sleeping          ||     1
 Armour: Robe              ||     2
  Dodge: Dodged            ||    26

Table legend: (Time is in decaauts)
 A = Elapsed time spent in this place.
 B = Non-inter-level travel time spent in this place.
 C = Inter-level travel time spent in this place.
 D = Time resting spent in this place.
 E = Time spent auto-exploring this place.
 F = Levels seen in this place.
 G = Mean time per level.
                   A        B        C        D        E       F      G
               +--------+--------+--------+--------+--------+-----+--------+
         Total |    239 |    239 |      0 |      0 |      0 |   4 |   59.8 |
       Dungeon |    239 |    239 |      0 |      0 |      0 |   4 |   59.8 |
               +--------+--------+--------+--------+--------+-----+--------+

Top non-repeatable levels by time:
     D:1: 95 daAuts
     D:4: 80 daAuts
     D:3: 59 daAuts
     D:2: 3 daAuts
